 Dungeon Crawl Stone Soup version 0.30-a0-358-g0d69a1922f (webtiles) character file.

Game seed: 18045998872836288740

2002 p00ps00p the Cleaver (level 9, -3/65 (81) HPs)
             Began as a Hill Orc Fighter on Nov 9, 2022.
             Slain by Maggie
             ... wielding a +0 broad axe of draining
              (4 damage)
             ... on level 7 of the Dungeon.
             The game lasted 00:11:33 (6573 turns).

p00ps00p the Cleaver (Hill Orc Fighter)             Turns: 6573, Time: 00:11:34

HP:   -3/65 (81)    AC: 13    Str: 23    XL:     9   Next: 22%
MP:   9/9           EV:  8    Int:  8    God:
Gold: 300           SH:  6    Dex: 10    Spells: 8/8 levels left

rFire   + . .      SeeInvis .    a - +0 war axe
rCold   . . .      Faith    .    c - +1 buckler
rNeg    . . .      Spirit   .    l - +0 chain mail
rPois   .          Reflect  .    (no helmet)
rElec   .          Harm     .    h - +0 cloak
rCorr   .          Rampage  .    d - +0 pair of gloves
Will    .....                    (no boots)
Stlth   ..........               (no amulet)
HPRegen 0.30/turn                u - ring of protection from fire
MPRegen 0.11/turn                (no ring)

@: mesmerised, heavily drained
A: no striking features
a: no special abilities


You were on level 7 of the Dungeon.
You visited 2 branches of the dungeon, and saw 8 of its levels.

You collected 300 gold pieces.

Inventory:

Hand Weapons
 a - a +0 war axe (weapon)
 m - a +2 vampiric long sword
Missiles
 k - 6 javelins (quivered)
 p - 4 poisoned darts
Armour
 c - a +1 buckler (worn)
 d - a +0 pair of gloves (worn)
 h - a +0 cloak (worn)
 l - a +0 chain mail (worn)
Jewellery
 o - a ring of magical power
 u - a ring of protection from fire (left hand)
Scrolls
 i - 4 scrolls of teleportation
 q - 2 scrolls of fog {unknown}
 r - 2 scrolls of torment {unknown}
 s - a scroll of blinking
 t - 2 scrolls of fear
 v - 3 scrolls of identify
 x - 2 scrolls of enchant armour
 y - a scroll of amnesia {unknown}
Potions
 b - 3 potions of magic {unknown}
 e - a potion of degeneration {unknown}
 f - 2 potions of lignification
 g - a potion of mutation {unknown}
 j - 2 potions of curing
 n - a potion of attraction {unknown}
 w - 2 potions of haste {unknown}


   Skills:
 + Level 8.0 Fighting
 + Level 8.2 Axes
 + Level 7.2 Armour
 + Level 7.2 Shields


You had 8 spell levels left.
You didn't know any spells.
Your spell library contained the following spells:

 Spells                   Type           Power      Damage    Failure   Level
 Apportation              Tloc           0%         N/A       98%         1
 Gell's Gravitas          Tloc           0%         N/A       100%        3
 Hailstorm                Conj/Ice       0%         3d3       100%        3
 Ozocubu's Armour         Ice            0%         N/A       100%        3
 Teleport Other           Tloc           0%         N/A       100%        3
 Ice Form                 Ice/Tmut       0%         N/A       100%        4
 Alistair's Intoxication  Tmut/Pois      0%         N/A       100%        5
 Dispersal                Tloc           0%         N/A       100%        6
 Simulacrum               Ice/Necr       0%         N/A       100%        6
 Ozocubu's Refrigeration  Ice            0%         4d7       100%        7


Dungeon Overview and Level Annotations

Branches:
Dungeon (7/15)             Temple (1/1) D:5

Altars:
Dithmenos
Elyvilon
Fedhas
Hepliaklqana
Makhleb
Okawaru
Qazlal
Ru
Sif Muna
Trog
Vehumet
Wu Jian
Xom
Yredelemnul
The Shining One
Beogh

Shops:
D:6 *   D:7 *

Annotations:
D:5 3 runed translucent doors, jlumianski's ghost, novice DsFi
D:7 Maggie


Message History

You slash Maggie!
Maggie is severely wounded.
Maggie hits you with a +0 broad axe of draining!
You feel drained.
You hit Maggie.
Maggie is severely wounded.
Maggie hits you with a +0 broad axe of draining.
You feel drained.
You slash Maggie!
Maggie is almost dead.
Maggie hits you with a +0 broad axe of draining.
You feel drained.
You hit Maggie but do no damage.
Maggie is almost dead.
Maggie hits you with a +0 broad axe of draining.
You feel drained.
You closely miss Maggie.
Maggie is almost dead.
Maggie gestures at you while chanting. The bolt of fire misses you.
You closely miss Maggie.
Maggie is almost dead.
Maggie closely misses you.
You completely miss Maggie.
Maggie is almost dead.
Maggie hits you with a +0 broad axe of draining!
You feel drained.
Maggie points at you and mumbles some strange words.
The bolt of fire hits you! You resist.
You closely miss Maggie.
Maggie is almost dead.
Maggie points at you and mumbles some strange words.
The bolt of fire hits you! You resist.
* * * LOW HITPOINT WARNING * * *
You completely miss Maggie.
Maggie is almost dead.
Maggie hits you with a +0 broad axe of draining!
* * * LOW HITPOINT WARNING * * *
You feel drained.
You die...

#§≈.§≈≈§≈.≈≈##
#§§§≈§≈.§≈≈.≈≈##
§≈§§§§...≈§≈.≈≈##
≈§≈≈≈.....§≈≈.§≈#
......._....)§.≈#
§≈≈.....≈≈§.§§#
.≈≈≈§..≈≈≈.§§##
§§≈≈.≈≈≈.≈§##
§.§§≈≈≈@≈§##
≈≈.§≈≈@§§##
#≈≈.≈.≈§##
##§§§≈≈## ##≈.≈#
##+#


You could see Maggie (mesmerising).

Vanquished Creatures
  Grinder (D:4)
  A water moccasin (D:6)
  2 sky beasts (D:7)
  An ice beast (D:5)
  A centaur (D:6)
  3 ogres
  A phantom (D:5)
  A bullfrog (D:6)
  2 scorpions
  A howler monkey (D:6)
  A lava snake (D:7)
  5 hounds
  A gnoll bouda (D:4)
  3 orc priests
  4 iguanas
  3 orc wizards
  5 gnolls (D:4)
  13 adders
  A white imp (D:5)
  7 worms
  6 dart slugs
  19 orcs
  3 bats
  11 endoplasms
  6 giant cockroaches
  9 hobgoblins
  6 jackals
  4 quokkas
  5 ball pythons
  A frilled lizard (D:1)
  8 goblins
  7 kobolds
  4 rats
146 creatures vanquished.

Vanquished Creatures (others)
  3 plants (D:5)
3 creatures vanquished.

Grand Total: 149 creatures vanquished

Notes
Turn   | Place    | Note
-------+----------+-------------------------------------------
     0 | D:1      | p00ps00p the Hill Orc Fighter began the quest for the Orb.
     0 | D:1      | Reached XP level 1. HP: 19/19 MP: 1/1
   119 | D:1      | Reached XP level 2. HP: 23/27 MP: 2/2
   570 | D:1      | Reached XP level 3. HP: 33/33 MP: 3/3
  1135 | D:2      | Found a faded altar of an unknown god.
  1157 | D:2      | Reached XP level 4. HP: 36/40 MP: 4/4
  2207 | D:3      | Reached XP level 5. HP: 39/47 MP: 5/5
  3464 | D:4      | Reached skill level 5 in Fighting
  3464 | D:4      | Reached XP level 6. HP: 34/56 MP: 6/6
  3554 | D:4      | Found an iron altar of Okawaru.
  3953 | D:4      | Noticed Grinder
  3961 | D:4      | Killed Grinder
  3962 | D:4      | Reached skill level 5 in Axes
  3962 | D:4      | Reached skill level 5 in Armour
  3962 | D:4      | Reached skill level 5 in Shields
  3962 | D:4      | Reached XP level 7. HP: 60/61 MP: 7/7
  4468 | D:5      | Entered Level 5 of the Dungeon
  4468 | D:5      | Found a shadowy altar of Dithmenos.
  4490 | D:5      | Found a stormy altar of Qazlal.
  4619 | D:5      | Found a staircase to the Ecumenical Temple.
  4664 | D:5      | Found a hazy altar of Hepliaklqana.
  4787 | D:5      | Reached XP level 8. HP: 53/71 MP: 8/8
  4849 | D:5      | Found a bloodstained altar of Trog.
  4894 | D:5      | Found a radiant altar of Vehumet.
  5235 | D:5      | Found a runed translucent gate.
  5235 | D:5      | Found a runed translucent gate.
  5235 | D:5      | Identified the +3 leather armour of the Turtle {+Blink rF+
                  | Int-2 Dex+5}
  5238 | D:5      | Found a runed translucent gate.
  5238 | D:5      | Noticed jlumianski's ghost (novice DsFi)
  5518 | D:5      | Found a roughly hewn altar of Beogh.
  5597 | Temple   | Entered the Ecumenical Temple
  5697 | D:6      | Found Becyrhoj's General Store.
  6036 | D:6      | Reached XP level 9. HP: 70/79 MP: 9/9
  6345 | D:6      | Found an ornate altar of the Wu Jian Council.
  6381 | D:7      | Found Opnua's General Store.
  6439 | D:7      | Found a glowing golden altar of the Shining One.
  6555 | D:7      | Noticed Maggie
  6573 | D:7      | HP: 1/68 [Maggie/+0 broad axe of draining (10)]
  6573 | D:7      | Slain by Maggie

Illustrated notes

Levels and vault maps discovered:
D:1:      eino_arrival_tree_alley, layout_rooms
D:2:      minmay_skewed_foursquare, layout_basic,
          shapermc_ecumenical_altar_starsandcircs, minmay_split_cup_small
D:3:      layout_loops_corners
D:4:      layout_cave_pods, lemuel_doored_altar, minmay_diced_spiral,
          uniq_grinder
D:5:      minmay_spotlight, layout_cave_pools, mainiacjoe_overflow_brackets,
          nicolae_qazlal_scattered_showers, mainiacjoe_overflow_alcove_1,
          nicolae_hepliaklqana_hazy_memory, nicolae_vehumet_radiance,
          minmay_temple_entry_slanted, biasface_ghost_orc_armoury,
          serial_bayou_pond_b
D:6:      layout_rooms, nicolae_wu_jian_immortal_techniques,
          nicolae_take_the_stairs
D:7:      layout_basic, ashenzari_altar_1, nicolae_uskayaw_suspiria,
          mainiacjoe_overflow_chevrons, serial_shops, nicolae_stop_n_shop_2,
          kennysheep_diamond, uniq_maggie
Temple:   hellmonk_temple_two_chambers

Skill      XL: |  1  2  3  4  5  6  7  8  9 |
---------------+----------------------------+-----
Axes           | 3 4 5 6 7 8 |  8.2
Fighting       | 4 5 6 7 8 |  8.0
Shields        | 4 5 6 7 |  7.2
Armour         | 4 5 6 7 |  7.2

Action                   |  1- 3 |  4- 6 |  7- 9 || total
-------------------------+-------+-------+-------++-------
Melee: War axe           |    80 |   118 |   301 ||   499
       Long sword        |       |    22 |       ||    22
  Use: Scroll            |     2 |     7 |     1 ||    10
       Potion            |       |     1 |     3 ||     4
Armor: Scale mail        |    35 |       |       ||    35
       Chain mail        |    25 |    85 |   206 ||   316
Dodge: Dodged            |    43 |    51 |   108 ||   202
Block: Buckler           |    31 |    33 |    96 ||   160

Table legend: (Time is in decaauts)
 A = Elapsed time spent in this place.
 B = Non-inter-level travel time spent in this place.
 C = Inter-level travel time spent in this place.
 D = Time resting spent in this place.
 E = Time spent auto-exploring this place.
 F = Levels seen in this place.
 G = Mean time per level.
                   A        B        C        D        E       F      G
               +--------+--------+--------+--------+--------+-----+--------+
         Total |   6714 |   6500 |    214 |   1187 |   3882 |   8 |  839.2 |
       Dungeon |   6694 |   6481 |    213 |   1187 |   3871 |   7 |  956.3 |
        Temple |     19 |     19 |      0 |      0 |     11 |   1 |   19.0 |
               +--------+--------+--------+--------+--------+-----+--------+

Top non-repeatable levels by time:
     D:2: 1295 daAuts
     D:3: 1269 daAuts
     D:5: 1179 daAuts
     D:4: 1075 daAuts
     D:1: 918 daAuts
     D:6: 760 daAuts
     D:7: 194 daAuts
  Temple: 19 daAuts
